 Dungeon Sprint DCSS version 0.26-a0-1184-g95e395e029 (webtiles) character file.

Game seed: 7419823322426101028

168795 rocky1 the Gnoll Aeon (level 17, -21/156 HPs)
             Began as a Gnoll Fighter on Dec 28, 2020.
             Was the Champion of Cheibriados.
             Killed from afar by a Hell Sentinel (28 damage)
             ... with damnation
             ... in the Dungeon (Sprint VII: "The Pits").
             The game lasted 01:02:50 (9415 turns).

rocky1 the Gnoll Aeon (Gnoll Fighter)               Turns: 9415, Time: 01:02:52

Health: -21/156    AC: 39    Str: 43    XL:     17   Next: 65%
Magic:  40/40      EV: 37    Int: 33    God:    Cheibriados [******]
Gold:   142        SH: 27    Dex: 31    Spells: 9/55 levels left

rFire    + + +     SeeInvis .   c - +7 morningstar of Laceration {drain, rElec rN+}
rCold    + + +     Faith    .   V - +2 shield of Resistance {rF++ rC++ Will++}
rNeg     + . .     Spirit   .   C - +10 chain mail of Agnosticism {rF+ Str+3 Int+2}
rPois    +         Reflect  +   s - +2 helmet {Int+3}
rElec    +         Harm     .   w - +1 cloak
rCorr    .         Rampage  .   A - +2 pair of gloves {Dex+3}
Will     +++..     NoTele   +   I - +1 pair of boots
Stlth    ++++......             j - amulet of Yjuem {Reflect rPois rC+ Str+2 SH+5}
HPRegen  0.36/turn              T - ring of Kuruogri {rC+ Str+2 Dex-2 Slay+5 Stlth-}
MPRegen  0.27/turn              o - ring of Moral Flaws {rF++ EV+6}

@: lethally poisoned (-21 -> -29), studying Summonings, very slow
A: distributed training, fangs 1, dopey 1, strong nose
}: 1/3 runes: silver
a: Renounce Religion, Bend Time, Temporal Distortion, Slouch, Step From Time


You were in the Dungeon.
You worshipped Cheibriados.
Cheibriados was exalted by your worship.
You visited 1 branch You collected 142 gold pieces.

Inventory:

Hand Weapons
 a - a +2 scimitar of flaming
 b - the +9 hand crossbow "Reug" {flame, rF+ rC+ Str+3 SInv}
   (You took it off a vampire in the Dungeon)

   It causes projectiles fired from it to burn those they strike, causing extra
   injury to most foes and up to half again as much damage against particularly
   susceptible opponents.
   It affects your strength (+3).
   It protects you from fire.
   It protects you from cold.
   It lets you see invisible.
 c - the +7 morningstar of Laceration (weapon) {drain, rElec rN+}
   (You found it in the Dungeon)

   A truly terrible weapon, it drains the life of those it strikes.
   It insulates you from electricity.
   It protects you from negative energy.
 r - a +1 broad axe of freezing
 J - a +2 eveningstar of holy wrath
 K - a +3 double sword of electrocution
Missiles
 g - 16 javelins (quivered)
 G - 355 bolts
Armour
 s - a +2 helmet of intelligence (worn)
 w - a +1 cloak (worn)
 A - a +2 pair of gloves of dexterity (worn)
 C - the +10 chain mail of Agnosticism (worn) {rF+ Str+3 Int+2}
   (You found it in the Dungeon)

   It affects your strength (+3).
   It affects your intelligence (+2).
   It protects you from fire.
 E - a +2 robe of the Archmagi
 I - a +1 pair of boots (worn)
 V - the +2 shield of Resistance (worn) {rF++ rC++ Will++}
   (You found it in the Dungeon)

   It greatly protects you from fire.
   It greatly protects you from cold.
   It affects your willpower, your defense against some magical effects.
Jewellery
 j - the amulet of Yjuem (around neck) {Reflect rPois rC+ Str+2 SH+5}
   (You found it in the Dungeon)

   [amulet of reflection]

   It shields you and reflects attacks.
   It affects your strength (+2).
   It protects you from cold.
   It protects you from poison.
   It affects your SH (+5).
 o - the ring of Moral Flaws (right hand) {rF++ EV+6}
   (You found it in the Dungeon)

   [ring of evasion]

   It affects your evasion (+6).
   It greatly protects you from fire.
 u - an uncursed ring of stealth
 Q - the ring of Past Mistakes {rElec rN+ Will+ Str-4 Int+4}
   (You found it in the Dungeon)

   [ring of positive energy]

   It affects your strength (-4).
   It affects your intelligence (+4).
   It insulates you from electricity.
   It protects you from negative energy.
   It affects your willpower, your defense against some magical effects.
 R - an uncursed ring of flight
 S - a +6 ring of intelligence
 T - the ring of Kuruogri (left hand) {rC+ Str+2 Dex-2 Slay+5 Stlth-}
   (You found it in the Dungeon)

   [ring of protection from cold]

   It affects your strength (+2).
   It affects your dexterity (-2).
   It affects your accuracy and damage with ranged weapons and melee attacks
   (+5).
   It protects you from cold.
   It makes you less stealthy.
 U - the ring of Broken Luck {rPois rF+ rC+ EV+6}
   (You found it in the Dungeon)

   [ring of evasion]

   It affects your evasion (+6).
   It protects you from fire.
   It protects you from cold.
   It protects you from poison.
Wands
 v - a wand of polymorph (27)
Scrolls
 l - 6 scrolls of remove curse
 m - 5 scrolls of amnesia
 n - 2 scrolls of summoning
 x - 2 scrolls of fog
 y - 8 scrolls of identify
 z - 3 scrolls of enchant armour
 O - 9 scrolls of fear
 P - a scroll of blinking
Potions
 e - 13 potions of curing
 f - 12 potions of heal wounds
 h - 8 potions of magic
 k - a potion of invisibility
 p - 4 potions of mutation
 L - a potion of attraction
 M - a potion of brilliance
 N - 3 potions of might
Books
 t - a manual of Summonings
Miscellaneous
 d - a phial of floods
 i - a box of beasts
 q - a phantom mirror
 B - a tin of tremorstones (2/2)
 H - a condenser vane


   Skills:
 + Level 20.4 Fighting
 + Level 19.7 Short Blades
 + Level 19.7 Long Blades
 + Level 20.0 Axes
 + Level 19.7 Maces & Flails
 + Level 19.7 Polearms
 + Level 19.7 Staves
 + Level 19.7 Slings
 + Level 19.7 Bows
 + Level 19.7 Crossbows
 + Level 19.7 Throwing
 + Level 20.4 Armour
 + Level 19.7 Dodging
 + Level 19.7 Stealth
 + Level 20.4 Shields
 + Level 19.7 Unarmed Combat
 + Level 19.7 Spellcasting
 + Level 17.0 Conjurations
 + Level 17.0 Hexes
 + Level 20.2 Summonings
 + Level 17.0 Necromancy
 + Level 17.0 Translocations
 + Level 17.0 Transmutations
 + Level 17.0 Fire Magic
 + Level 17.0 Ice Magic
 + Level 17.0 Air Magic
 + Level 17.0 Earth Magic
 + Level 17.0 Poison Magic
 + Level 21.1 Invocations
 + Level 19.7 Evocations


You had 9 spell levels left.
You knew the following spells:

 Your Spells              Type           Power        Failure   Level
a - Wereblood             Tmut           98%          0%          2
b - Mephitic Cloud        Conj/Pois/Air  98%          0%          3
c - Blink                 Tloc           N/A          0%          2
d - Starburst             Conj/Fire      49%          1%          6
e - Freezing Cloud        Conj/Ice/Air   49%          1%          6
f - Silence               Hex/Air        49%          1%          5
g - Iron Shot             Conj/Erth      49%          1%          6
h - Fire Storm            Conj/Fire      49%          89%         9
i - Orb of Destruction    Conj           49%          1%          7

Your spell library contained the following spells:

 Spells                   Type           Power        Failure   Level
 Animate Skeleton         Necr           100%         0%          1
 Apportation              Tloc           100%         0%          1
 Beastly Appendage        Tmut           100%         0%          1
 Corona                   Hex            100%         0%          1
 Pain                     Necr           100%         0%          1
 Shock                    Conj/Air       100%         0%          1
 Sting                    Tmut/Pois      100%         0%          1
 Summon Small Mammal      Summ           100%         0%          1
 Call Imp                 Summ           100%         0%          2
 Corpse Rot               Necr/Air       N/A          0%          2
 Passwall                 Tmut/Erth      81%          0%          2
 Poisonous Vapours        Pois/Air       100%         0%          2
 Sublimation of Blood     Necr           49%          0%          2
 Swiftness                Air            98%          0%          2
 Conjure Flame            Conj/Fire      98%          0%          3
 Dazzling Flash           Conj/Hex       100%         0%          3
 Frozen Ramparts          Ice            100%         0%          3
 Gell's Gravitas          Tloc           49%          0%          3
 Ignite Poison            Fire/Tmut/Pois 98%          0%          3
 Lesser Beckoning         Tloc           49%          0%          3
 Ozocubu's Armour         Ice            98%          0%          3
 Portal Projectile        Hex/Tloc       100%         0%          3
 Static Discharge         Conj/Air       98%          0%          3
 Stone Arrow              Conj/Erth      100%         0%          3
 Teleport Other           Tloc           98%          0%          3
 Tukima's Dance           Hex            98%          0%          3
 Vampiric Draining        Necr           49%          0%          3
 Summon Ice Beast         Ice/Summ       100%         0%          4
 Summon Lightning Spire   Summ/Air       100%         0%          4
 Airstrike                Air            49%          1%          4
 Dispel Undead            Necr           98%          1%          4
 Olgreb's Toxic Radiance  Pois           98%          1%          4
 Passage of Golubria      Tloc           N/A          1%          4
 Petrify                  Tmut/Erth      98%          1%          4
 Alistair's Intoxication  Tmut/Pois      65%          1%          5
 Blade Hands              Tmut           49%          1%          5
 Bolt of Magma            Conj/Fire/Erth 49%          1%          5
 Excruciating Wounds      Necr           49%          1%          5
 Iskenderun's Battlesphe  Conj           98%          1%          5
 Lee's Rapid Deconstruct  Erth           49%          1%          5
 Lightning Bolt           Conj/Air       49%          1%          5
 Conjure Ball Lightning   Conj/Air       49%          1%          6
 Death Channel            Necr           49%          1%          6
 Dispersal                Tloc           49%          1%          6
 Invisibility             Hex            98%          1%          6
 Simulacrum               Ice/Necr       49%          1%          6
 Malign Gateway           Summ/Tloc      50%          1%          7
 Spellforged Servitor     Conj/Summ      50%          1%          7
 Summon Hydra             Summ           52%          1%          7
 Chain Lightning          Conj/Air       49%          13%         8
 Disjunction              Tloc           49%          13%         8
 Lehudib's Crystal Spear  Conj/Erth      49%          13%         8
 Absolute Zero            Ice            49%          89%         9
 Tornado                  Air            49%          89%         9


Dungeon Overview and Level Annotations

Branches:
Dungeon (1/1)

Altars:
Ashenzari
Cheibriados
Dithmenos
Elyvilon
Fedhas
Gozag
Hepliaklqana
Kikubaaqudgha
Makhleb
Nemelex Xobeh
Okawaru
Qazlal
Ru
Sif Muna
Trog
Uskayaw
Vehumet
Wu Jian
Xom
Yredelemnul
Zin
The Shining One
Beogh
Jiyva
Lugonu


Innate Abilities, Weirdness & Mutations

Your experience applies equally to all skills.
You have very sharp teeth.
Your uncanny sense of smell can sniff out nearby items.
You are dopey. (Int -2)


Message History

You hit the Hell Sentinel.
You bite the Hell Sentinel, but do no damage.
The Hell Sentinel is severely wounded.
The glowing orange brain changes into a slime creature!
The curse toe calls on the powers of darkness!
The deep elf sorcerer convulses!
The spriggan rider convulses!
The nagaraja convulses!
The slime creature convulses!
Your body is wracked with pain!
* * * LOW HITPOINT WARNING * * *
The nagaraja gestures at you while chanting.
The bolt of poison hits the curse toe but does no damage.
The bolt of poison hits the Hell Sentinel.
The Hell Sentinel completely resists.
The bolt of poison hits you!
You are poisoned.
You resist.
* * * LOW HITPOINT WARNING * * *
The spriggan rider completely misses you.
The Hell Sentinel gestures at you.
The sphere of damnation explodes!
The damnation engulfs you!!
You die... #+# ##.## #NJ.# zei

#1#
#@#
∆∆
#†#
∆∆
#'#
#.#
#'#
#[#
#'#
∆∆
#.#
∆∆
#'#


You could see a Hell Sentinel, a curse toe, a nagaraja (fast), a deep elf
sorcerer (fast), a slime creature shaped shifter and a spriggan rider.

Vanquished Creatures
  An orb of fire (D)
  2 ancient liches (D)
  2 golden dragons (D)
  Jory (D)
  A quicksilver dragon (D)
  A titan (D)
  A deep elf blademaster (D)
  A deep elf master archer (D)
  A lich (D)
  Polyphemus (D)
  3 nagarajas (D)
  A shadow dragon (D)
  A draconian monk (D)
  2 ghost moths (D)
  3 deep elf sorcerers (D)
  A draconian knight (D)
  2 frost giants (D)
  A draconian shifter (D)
  An iron dragon (D)
  3 orc warlords (D)
  An angel (D)
  A draconian stormcaller (D)
  A draconian scorcher (D)
  A spriggan defender (D)
  2 ghouls (D)
  An ophan (D)
  2 black draconians (D)
  2 lorocyprocas (D)
  4 deep elf annihilators (D)
  2 minotaurs (D)
  A white draconian (D)
  A purple draconian (D)
  4 dire elephants (D)
  An ettin (D)
  A deep elf death mage (D)
  Josephine (D)
  An eidolon (D)
  A fire dragon (D)
  2 yaktaur captains (D)
  3 ogre magi (D)
  A deep elf high priest (D)
  An ice dragon (D)
  4 naga warriors (D)
  A vault guard (D)
  12 hydras (D)
  9 catoblepae (D)
  A death yak (D)
  2 death knights (D)
  3 hell hogs (D)
  3 vampire magi (D)
  An orc high priest (D)
  2 soul eaters (D)
  A deep elf knight (D)
  4 sun demons (D)
  9 hell knights (D)
  A spriggan druid (D)
  2 deep trolls (D)
  A wizard (D)
  2 bog bodies (D)
  7 swamp dragons (D)
  2 sea snakes (D)
  A phantasmal warrior (D)
  13 orc knights (D)
  5 deep elf magi (D)
  3 harpies (D)
  A necromancer (D)
  3 lindwurms (D)
  An orc sorcerer (D)
  A cyclops (D)
  Maurice (D)
  2 molten gargoyles (D)
  4 eyes of devastation (D)
  Joseph (D)
  A smoke demon (D)
  A cane toad (D)
  A kobold demonologist (D)
  5 komodo dragons (D)
  2 freezing wraiths (D)
  A rime drake (D)
  3 yaktaurs (D)
  A guardian mummy (D)
  A wandering mushroom (D)
  A troll (D)
  A red devil (D)
  A tyrant leech (D)
  2 polar bears (D)
  2 hornets (D)
  6 slime creatures (D)
  A snapping turtle (D)
  An air elemental (D)
  2 vampires (D)
  A water elemental (D)
  2 spriggans (D)
  3 wyverns (D)
  2 tarantellas (D)
  6 wraiths (D)
  3 basilisks (D)
  A hog (shapeshifter) (D)
  2 fire bats (D)
  A golden eye (D)
  3 steam dragons (D)
  A large abomination (D)
  Menkaure (D)
  A soldier ant (D)
  6 acid dragons (D)
  3 floating eyes (D)
  5 orc warriors (D)
  5 swamp drakes (D)
  2 phantoms (D)
  A necrophage (D)
  3 wolves (D)
  2 earth elementals (D)
  4 killer bees (D)
  A quasit (D)
  A hound (D)
  An orc priest (D)
  An iron imp (D)
  2 jellies (D)
  5 orc wizards (D)
  An iguana (D)
  Terence (D)
  A hell rat (D)
  A mummy (D)
  An adder (D)
  A white imp (D)
  An ufetubus (D)
  A worm (D)
  2 adder simulacra (D)
  A leopard gecko (D)
  7 orcs (D)
  2 bat simulacra (D)
  A bat skeleton (D)
  A giant cockroach (D)
  A goblin (D)
  A hobgoblin (D)
  A ball python (D)
  2 bats (D)
  A quokka zombie (D)
298 creatures vanquished.

Vanquished Creatures (others)
  A dire elephant (D)
  Nergalle (D)
  An acid dragon (D)
  A swamp drake (D)
4 creatures vanquished.

Grand Total: 302 creatures vanquished

Notes
Turn   | Place    | Note
-------+----------+-------------------------------------------
     0 | D        | rocky1 the Gnoll Fighter began the quest for the Orb.
     0 | D        | Reached XP level 1. HP: 23/23 MP: 1/1
   201 | D        | Found a bloodstained altar of Trog.
   201 | D        | Found a shimmering blue altar of Sif Muna.
   201 | D        | Found a viscous altar of Jiyva.
   201 | D        | Found a hazy altar of Hepliaklqana.
   201 | D        | Found an opulent altar of Gozag.
   202 | D        | Found a glowing golden altar of the Shining One.
   202 | D        | Found a glowing silver altar of Zin.
   202 | D        | Found a basalt altar of Yredelemnul.
   202 | D        | Found a shimmering altar of Xom.
   202 | D        | Found an ornate altar of the Wu Jian Council.
   202 | D        | Found a sacrificial altar of Ru.
   202 | D        | Found a stormy altar of Qazlal.
   202 | D        | Found an iron altar of Okawaru.
   202 | D        | Found a sparkling altar of Nemelex Xobeh.
   202 | D        | Found a burning altar of Makhleb.
   202 | D        | Found a blossoming altar of Fedhas.
   202 | D        | Found a white marble altar of Elyvilon.
   202 | D        | Found a shadowy altar of Dithmenos.
   202 | D        | Found a snail-covered altar of Cheibriados.
   204 | D        | Found a radiant altar of Vehumet.
   204 | D        | Found a corrupted altar of Lugonu.
   204 | D        | Found a roughly hewn altar of Beogh.
   205 | D        | Found a hide-covered altar of Uskayaw.
   205 | D        | Found an ancient bone altar of Kikubaaqudgha.
   205 | D        | Found a broken altar of Ashenzari.
   213 | D        | Became a worshipper of Cheibriados the Contemplative
   254 | D        | Noticed a floating eye
   255 | D        | Paralysed by a floating eye for 3 turns
   259 | D        | Killed a floating eye
   260 | D        | Reached skill level 5 in Axes
   260 | D        | Reached skill level 3 in Invocations
   260 | D        | Reached XP level 2. HP: 31/31 MP: 1/5
   260 | D        | Reached XP level 3. HP: 36/36 MP: 1/7
   260 | D        | Reached XP level 4. HP: 43/43 MP: 1/8
   260 | D        | Reached * piety under Cheibriados
   267 | D        | Reached ** piety under Cheibriados
   275 | D        | Reached *** piety under Cheibriados
   278 | D        | Reached XP level 5. HP: 47/48 MP: 3/9
   343 | D        | Noticed Terence
   343 | D        | Noticed a phantom
   345 | D        | Noticed a phantom
   349 | D        | Killed Terence
   349 | D        | Reached **** piety under Cheibriados
   350 | D        | Reached skill level 4 in Invocations
   357 | D        | Killed a phantom
   358 | D        | Reached XP level 6. HP: 46/56 MP: 10/12
   364 | D        | Reached ***** piety under Cheibriados
   370 | D        | Killed a phantom
   371 | D        | Reached skill level 5 in Invocations
   458 | D        | Reached skill level 5 in Short Blades
   458 | D        | Reached skill level 5 in Long Blades
   458 | D        | Reached skill level 5 in Maces & Flails
   458 | D        | Reached skill level 5 in Polearms
   458 | D        | Reached skill level 5 in Staves
   458 | D        | Reached skill level 5 in Slings
   458 | D        | Reached skill level 5 in Bows
   458 | D        | Reached skill level 5 in Crossbows
   458 | D        | Reached skill level 5 in Throwing
   458 | D        | Reached skill level 5 in Dodging
   458 | D        | Reached skill level 5 in Stealth
   458 | D        | Reached skill level 5 in Unarmed Combat
   458 | D        | Reached skill level 5 in Spellcasting
   458 | D        | Reached skill level 5 in Evocations
   559 | D        | Noticed a fire bat
   563 | D        | Reached ****** piety under Cheibriados
   571 | D        | Killed a fire bat
   572 | D        | Reached XP level 7. HP: 53/63 MP: 13/15
   626 | D        | Noticed a soldier ant
   633 | D        | Reached skill level 6 in Invocations
   643 | D        | Killed a soldier ant
   655 | D        | Reached skill level 5 in Conjurations
   655 | D        | Reached skill level 5 in Hexes
   655 | D        | Reached skill level 5 in Summonings
   655 | D        | Reached skill level 5 in Necromancy
   655 | D        | Reached skill level 5 in Translocations
   655 | D        | Reached skill level 5 in Transmutations
   655 | D        | Reached skill level 5 in Fire Magic
   655 | D        | Reached skill level 5 in Ice Magic
   655 | D        | Reached skill level 5 in Air Magic
   655 | D        | Reached skill level 5 in Earth Magic
   655 | D        | Reached skill level 5 in Poison Magic
   655 | D        | Reached XP level 8. HP: 32/71 MP: 15/17
   991 | D        | Noticed a cane toad
   996 | D        | Killed a cane toad
   997 | D        | Reached skill level 7 in Invocations
  1114 | D        | Noticed a deep elf mage
  1114 | D        | Noticed Joseph
  1114 | D        | Noticed Maurice
  1114 | D        | Noticed a molten gargoyle
  1114 | D        | Noticed a sea snake
  1116 | D        | Killed a molten gargoyle
  1117 | D        | Reached XP level 9. HP: 78/78 MP: 8/19
  1117 | D        | Killed Maurice
  1117 | D        | Killed a deep elf mage
  1118 | D        | Reached skill level 10 in Fighting
  1118 | D        | Reached skill level 10 in Armour
  1118 | D        | Reached skill level 10 in Shields
  1118 | D        | Reached skill level 8 in Invocations
  1122 | D        | Killed Joseph
  1124 | D        | Killed a sea snake
  1125 | D        | Reached skill level 9 in Invocations
  1537 | D        | Noticed a red devil
  1537 | D        | Noticed a sea snake
  1554 | D        | Killed a sea snake
  1555 | D        | Reached XP level 10. HP: 73/86 MP: 22/22
  1595 | D        | Noticed an orc sorcerer
  1596 | D        | Noticed a swamp dragon
  1601 | D        | Killed an orc sorcerer
  1601 | D        | Noticed a deep elf mage
  1602 | D        | Reached skill level 10 in Axes
  1607 | D        | Killed a swamp dragon
  1616 | D        | Killed a deep elf mage
  1616 | D        | Noticed a deep troll
  1617 | D        | Reached skill level 10 in Invocations
  1629 | D        | Killed a deep troll
  1935 | D        | Noticed a bog body
  1937 | D        | Noticed an eye of devastation
  1943 | D        | Killed a bog body
  1944 | D        | Reached XP level 11. HP: 59/93 MP: 24/24
  2180 | D        | Noticed Menkaure
  2190 | D        | Killed Menkaure
  2232 | D        | Noticed a sun demon
  2318 | D        | Killed a sun demon
  2427 | D        | Noticed a deep elf mage
  2431 | D        | Noticed a deep troll
  2434 | D        | Killed a deep elf mage
  2435 | D        | Reached skill level 10 in Short Blades
  2435 | D        | Reached skill level 10 in Long Blades
  2435 | D        | Reached skill level 10 in Maces & Flails
  2435 | D        | Reached skill level 10 in Polearms
  2435 | D        | Reached skill level 10 in Staves
  2435 | D        | Reached skill level 10 in Slings
  2435 | D        | Reached skill level 10 in Bows
  2435 | D        | Reached skill level 10 in Crossbows
  2435 | D        | Reached skill level 10 in Throwing
  2435 | D        | Reached skill level 10 in Dodging
  2435 | D        | Reached skill level 10 in Stealth
  2435 | D        | Reached skill level 10 in Unarmed Combat
  2435 | D        | Reached skill level 10 in Spellcasting
  2435 | D        | Reached skill level 10 in Evocations
  2443 | D        | Killed a deep troll
  2444 | D        | Reached skill level 11 in Invocations
  2563 | D        | Noticed a cyclops
  2582 | D        | Killed a cyclops
  2816 | D        | Got the Catalogue of Poison and Transformation
  2948 | D        | Learned a level 2 spell: Wereblood
  2952 | D        | Learned a level 3 spell: Mephitic Cloud
  3023 | D        | Noticed a four-headed hydra
  3029 | D        | Killed a two-headed hydra
  3303 | D        | Noticed a spriggan rider
  3307 | D        | Killed a spriggan rider
  3482 | D        | Reached XP level 12. HP: 103/103 MP: 27/27
  3502 | D        | Reached skill level 12 in Invocations
  3588 | D        | Got the +4 hand axe "Peada" {flame, rPois rC+ Stlth+}
  3632 | D        | Noticed a death yak
  3632 | D        | Noticed a red draconian scorcher
  3632 | D        | Noticed a death knight
  3632 | D        | Noticed a sun demon
  3637 | D        | Killed a sun demon
  3656 | D        | Identified the +9 hand crossbow "Reug" {flame, rF+ rC+
                  | Str+3 SInv}
  3659 | D        | Killed a red draconian scorcher
  3660 | D        | Reached skill level 10 in Conjurations
  3660 | D        | Reached skill level 10 in Hexes
  3660 | D        | Reached skill level 10 in Summonings
  3660 | D        | Reached skill level 10 in Necromancy
  3660 | D        | Reached skill level 10 in Translocations
  3660 | D        | Reached skill level 10 in Transmutations
  3660 | D        | Reached skill level 10 in Fire Magic
  3660 | D        | Reached skill level 10 in Ice Magic
  3660 | D        | Reached skill level 10 in Air Magic
  3660 | D        | Reached skill level 10 in Earth Magic
  3660 | D        | Reached skill level 10 in Poison Magic
  3673 | D        | Killed a death knight
  3692 | D        | Noticed a catoblepas
  3712 | D        | Killed a catoblepas
  3713 | D        | Reached skill level 13 in Invocations
  3721 | D        | Noticed a hell knight
  3728 | D        | Killed a hell knight
  3730 | D        | Noticed a hell knight
  3742 | D        | Killed a hell knight
  3743 | D        | Reached XP level 13. HP: 42/111 MP: 24/29
  3748 | D        | Noticed Nergalle
  3754 | D        | Killed Nergalle
  4042 | D        | Noticed a minotaur
  4059 | D        | Killed a minotaur
  4180 | D        | Got the Handbook of Hurtful Unholy Rites
  4282 | D        | Noticed Josephine
  4295 | D        | Killed Josephine
  4380 | D        | Learned a level 2 spell: Blink
  4422 | D        | Learned a level 6 spell: Starburst
  4505 | D        | Noticed Polyphemus
  4526 | D        | Killed Polyphemus
  4527 | D        | Reached skill level 14 in Invocations
  4764 | D        | Noticed an orc warlord
  4764 | D        | Noticed an orc warlord
  4776 | D        | Killed an orc warlord
  4777 | D        | Killed an orc warlord
  5410 | D        | Reached XP level 14. HP: 121/121 MP: 31/31
  5648 | D        | Noticed a nagaraja
  5664 | D        | Killed a nagaraja
  5665 | D        | Reached skill level 15 in Fighting
  5665 | D        | Reached skill level 15 in Armour
  5665 | D        | Reached skill level 15 in Shields
  5682 | D        | Noticed a shadow dragon
  5689 | D        | Noticed a deep elf blademaster
  5691 | D        | Noticed a white draconian
  5699 | D        | Killed a deep elf blademaster
  5700 | D        | Reached skill level 15 in Invocations
  5705 | D        | Killed a white draconian
  5882 | D        | Killed a shadow dragon
  6076 | D        | Noticed a deep elf sorcerer
  6102 | D        | Killed a deep elf sorcerer
  6103 | D        | Reached skill level 15 in Axes
  6286 | D        | Noticed a lich
  6291 | D        | Killed a lich
  6300 | D        | Noticed a deep elf annihilator
  6300 | D        | Noticed a deep elf annihilator
  6301 | D        | Noticed a black draconian
  6301 | D        | Noticed a white draconian knight
  6308 | D        | Killed a deep elf annihilator
  6316 | D        | Noticed a red draconian monk
  6320 | D        | Noticed an ancient lich
  6322 | D        | Killed a white draconian knight
  6323 | D        | Noticed a deep elf annihilator
  6325 | D        | Killed a deep elf annihilator
  6327 | D        | Killed an ancient lich
  6328 | D        | Reached skill level 15 in Short Blades
  6328 | D        | Reached skill level 15 in Long Blades
  6328 | D        | Reached skill level 15 in Maces & Flails
  6328 | D        | Reached skill level 15 in Polearms
  6328 | D        | Reached skill level 15 in Staves
  6328 | D        | Reached skill level 15 in Slings
  6328 | D        | Reached skill level 15 in Bows
  6328 | D        | Reached skill level 15 in Crossbows
  6328 | D        | Reached skill level 15 in Throwing
  6328 | D        | Reached skill level 15 in Dodging
  6328 | D        | Reached skill level 15 in Stealth
  6328 | D        | Reached skill level 15 in Unarmed Combat
  6328 | D        | Reached skill level 15 in Spellcasting
  6328 | D        | Reached skill level 16 in Invocations
  6328 | D        | Reached skill level 15 in Evocations
  6333 | D        | Killed a red draconian monk
  6334 | D        | Reached XP level 15. HP: 48/131 MP: 13/34
  6335 | D        | Noticed a deep elf sorcerer
  6339 | D        | Killed a deep elf sorcerer
  6340 | D        | HP: 6/132 [deep elf annihilator/crystal spear (66)]
  6783 | D        | Got the Tome of Stolen Souls
  6785 | D        | Got the Guide on Creative Stones
  6822 | D        | Got Ucretrua's Catalogue of Supportive Sinister Rituals
  6972 | D        | Noticed a deep elf master archer
  6977 | D        | Killed a deep elf master archer
  6978 | D        | Reached skill level 17 in Invocations
  6985 | D        | Noticed a nagaraja
  6995 | D        | Killed a nagaraja
  7122 | D        | Got the Grimoire of Shifting Cold
  7134 | D        | Got the Grimoire of Darkness and Beguiling
  7183 | D        | Got the amulet "Wuezxut" {+Inv rElec Regen+ Str-3 Int+8}
  7185 | D        | Got the amulet of Yjuem {Reflect rPois rC+ Str+2 SH+5}
  7187 | D        | Got the amulet of Midwinter {Acrobat +Fly rPois Str+2}
  7189 | D        | Got the amulet of Cigor {Faith MP+9 Dex+2}
  7191 | D        | Got the ring "Fauti" {*Corrode rPois AC+4 SInv Stlth+}
  7193 | D        | Got the amulet "Irevvok" {RegenMP rF+}
  7195 | D        | Got the ring "Tixkuec" {Wiz *Contam Str+6}
  7197 | D        | Got the amulet "Iffemaniwn" {RegenMP rPois}
  7199 | D        | Got the amulet of Toshre {Reflect rPois SH+5}
  7201 | D        | Got the amulet "Watif" {Spirit Fragile +Fly rF+++ Str+4}
  7203 | D        | Got the amulet "Webuwnad" {RegenMP Fragile rC- rN++ Int+3}
  7205 | D        | Got the ring of Pusmacya {rPois rN+ MP+9 Stlth+}
  7207 | D        | Got the amulet of Syol {RegenMP *Contam Str+2 Slay+4}
  7243 | D        | Got the ring "Poyn" {rElec rC- rN+ Dex+8 Slay+2}
  7245 | D        | Got the ring of Moral Flaws {rF++ EV+6}
  7247 | D        | Got the ring "Alim" {Ice Will- Dex+3}
  7249 | D        | Got the ring of the Skies Above {Fire rN+}
  7251 | D        | Got the ring "Dysuyfet" {EV+6 Int+3}
  7253 | D        | Got the ring of Vuloor {rN+ Int+3 Stlth+}
  7255 | D        | Got the ring of Past Mistakes {rElec rN+ Will+ Str-4 Int+4}
  7257 | D        | Got the ring of Umalos {Fire +Inv rPois Dex-2 Slay-5}
  7259 | D        | Got the ring of Dabum {MP+9 AC+6}
  7261 | D        | Got the ring of Kuruogri {rC+ Str+2 Dex-2 Slay+5 Stlth-}
  7263 | D        | Got the ring of Broken Luck {rPois rF+ rC+ EV+6}
  7265 | D        | Got the ring "Bumot" {Str+2 Dex+6}
  7267 | D        | Got the ring "Esyceidd" {*Corrode rElec rPois rF+ rC+++}
  7327 | D        | Noticed an ancient lich
  7335 | D        | Killed an ancient lich
  7336 | D        | Reached skill level 15 in Summonings
  7605 | D        | Learned a level 6 spell: Freezing Cloud
  7611 | D        | Learned a level 5 spell: Silence
  7618 | D        | Learned a level 6 spell: Iron Shot
  7628 | D        | Learned a level 9 spell: Fire Storm
  7636 | D        | Learned a level 7 spell: Orb of Destruction
  7908 | D        | Killed a ghost moth
  7996 | D        | Noticed a deep elf sorcerer
  8001 | D        | Killed a deep elf sorcerer
  8035 | D        | Noticed a frost giant
  8040 | D        | Killed a frost giant
  8041 | D        | Reached skill level 18 in Invocations
  8041 | D        | Noticed Jory
  8044 | D        | Noticed a yellow draconian stormcaller
  8053 | D        | Killed Jory
  8054 | D        | Reached XP level 16. HP: 139/143 MP: 32/36
  8090 | D        | Identified the ring of False Pretenses {+Fly rN+ Str-2
                  | Int+3 Stlth+}
  8102 | D        | Reached skill level 15 in Conjurations
  8102 | D        | Reached skill level 15 in Hexes
  8102 | D        | Reached skill level 15 in Necromancy
  8102 | D        | Reached skill level 15 in Translocations
  8102 | D        | Reached skill level 15 in Transmutations
  8102 | D        | Reached skill level 15 in Fire Magic
  8102 | D        | Reached skill level 15 in Ice Magic
  8102 | D        | Reached skill level 15 in Air Magic
  8102 | D        | Reached skill level 15 in Earth Magic
  8102 | D        | Reached skill level 15 in Poison Magic
  8102 | D        | Noticed a nagaraja
  8111 | D        | Killed a nagaraja
  8127 | D        | Reached skill level 19 in Invocations
  8488 | D        | Got the +10 chain mail of Agnosticism {rF+ Str+3 Int+2}
  8534 | D        | Noticed a titan
  8545 | D        | Killed a titan
  8756 | D        | Got the ring "Vozu" {+Fly rC+ Dex-4 SInv}
  8821 | D        | Noticed a golden dragon
  8826 | D        | Reached XP level 17. HP: 152/153 MP: 19/39
  8826 | D        | Killed a golden dragon
  8827 | D        | Reached skill level 20 in Invocations
  8838 | D        | Found the +2 shield of Resistance {rF++ rC++ Will++}
  8922 | D        | Got a silver rune of Zot
  8986 | D        | Got the +7 morningstar of Laceration {drain, rElec rN+}
  9170 | D        | Noticed an orb of fire
  9180 | D        | Gained mutation: You are dopey. (Int -2) [an orb of fire]
  9184 | D        | Killed an orb of fire
  9190 | D        | Noticed a quicksilver dragon
  9194 | D        | Killed a quicksilver dragon
  9209 | D        | Reached skill level 21 in Invocations
  9346 | D        | Noticed a Hell Sentinel
  9346 | D        | Noticed a curse toe
  9346 | D        | Noticed a golden dragon
  9349 | D        | Killed a golden dragon
  9415 | D        | HP: 7/156 [nagaraja/bolt of poison (10)]
  9415 | D        | Killed from afar by a Hell Sentinel

Illustrated notes

Levels and vault maps discovered:
D:        pitsprint [storerooms_1, entrance_room_1, metal_vault_3, armoury_1,
          mini_pit_1, grid_room_1, main_hall_1, silver_pit, the_coven_3,
          the_vestibule_1, steel_vault_1, golden_pit, hallway_of_sentries,
          crystal_vault_6, iron_vault_1, final_vault]

Skill      XL: |  1  2  3  4  5  6  7  8  9 10 11 12 13 14 15 16 17 |
---------------+----------------------------------------------------+-----
Fighting       | 7 8 9 10 11 12 13 14 16 17 19 20 | 20.4
Short Blades   | 2 3 4 5 6 7 8 9 11 12 13 15 16 18 19 | 19.7
Long Blades    | 2 3 4 5 6 7 8 9 11 12 13 15 16 18 19 | 19.7
Axes           | 5 6 7 8 9 10 11 13 14 15 17 19 20 | 20.0
Maces & Flails | 2 3 4 5 6 7 8 9 11 12 13 15 16 18 19 | 19.7
Polearms       | 2 3 4 5 6 7 8 9 11 12 13 15 16 18 19 | 19.7
Staves         | 2 3 4 5 6 7 8 9 11 12 13 15 16 18 19 | 19.7
Slings         | 2 3 4 5 6 7 8 9 11 12 13 15 16 18 19 | 19.7
Bows           | 2 3 4 5 6 7 8 9 11 12 13 15 16 18 19 | 19.7
Crossbows      | 2 3 4 5 6 7 8 9 11 12 13 15 16 18 19 | 19.7
Throwing       | 2 3 4 5 6 7 8 9 11 12 13 15 16 18 19 | 19.7
Armour         | 7 8 9 10 11 12 13 14 16 17 19 20 | 20.4
Dodging        | 2 3 4 5 6 7 8 9 11 12 13 15 16 18 19 | 19.7
Stealth        | 2 3 4 5 6 7 8 9 11 12 13 15 16 18 19 | 19.7
Shields        | 7 8 9 10 11 12 13 14 16 17 19 20 | 20.4
Unarmed Combat | 2 3 4 5 6 7 8 9 11 12 13 15 16 18 19 | 19.7
Spellcasting   | 2 3 4 5 6 7 8 9 11 12 13 15 16 18 19 | 19.7
Conjurations   | 2 3 4 5 7 8 9 10 11 13 14 16 17 | 17.0
Hexes          | 2 3 4 5 7 8 9 10 11 13 14 16 17 | 17.0
Summonings     | 2 3 4 5 7 8 9 10 11 13 16 18 20 | 20.2
Necromancy     | 2 3 4 5 7 8 9 10 11 13 14 16 17 | 17.0
Translocations | 2 3 4 5 7 8 9 10 11 13 14 16 17 | 17.0
Transmutations | 2 3 4 5 7 8 9 10 11 13 14 16 17 | 17.0
Fire Magic     | 2 3 4 5 7 8 9 10 11 13 14 16 17 | 17.0
Ice Magic      | 2 3 4 5 7 8 9 10 11 13 14 16 17 | 17.0
Air Magic      | 2 3 4 5 7 8 9 10 11 13 14 16 17 | 17.0
Earth Magic    | 2 3 4 5 7 8 9 10 11 13 14 16 17 | 17.0
Poison Magic   | 2 3 4 5 7 8 9 10 11 13 14 16 17 | 17.0
Invocations    | 3 4 5 6 7 9 10 11 13 14 16 18 19 21 | 21.1
Evocations     | 2 3 4 5 6 7 8 9 11 12 13 15 16 18 19 | 19.7

Action                   |  1- 3 |  4- 6 |  7- 9 | 10-12 | 13-15 | 16-18 || total
-------------------------+-------+-------+-------+-------+-------+-------++-------
Melee: War axe           |     7 |     8 |       |       |       |       ||    15
       Bite              |     3 |    13 |    13 |    56 |    70 |    44 ||   199
       Long sword        |       |    28 |    36 |    56 |     7 |       ||   127
       Scimitar          |       |       |    14 |   135 |   200 |    69 ||   418
       Broad axe         |       |       |       |    19 |    63 |       ||    82
       Hand axe          |       |       |       |       |    15 |       ||    15
       Eveningstar       |       |       |       |       |    20 |    69 ||    89
       Double sword      |       |       |       |       |       |     3 ||     3
       Morningstar       |       |       |       |       |       |    41 ||    41
 Fire: Hand crossbow     |       |       |       |       |    21 |       ||    21
Throw: Javelin           |       |       |       |       |    32 |     7 ||    39
 Cast: Mephitic Cloud    |       |       |       |       |     2 |       ||     2
       Starburst         |       |       |       |       |     2 |       ||     2
       Freezing Cloud    |       |       |       |       |       |     3 ||     3
Invok: Slouch            |       |       |     3 |     9 |    23 |    13 ||    48
Evoke: Tin of tremorston |       |       |       |     1 |       |       ||     1
  Use: Potion            |       |       |       |    10 |    14 |     1 ||    25
       Scroll            |       |       |       |     1 |     4 |     4 ||     9
 Stab: Sleeping          |       |     3 |       |     1 |       |     4 ||     8
       Distracted        |       |       |       |     2 |     2 |       ||     4
       Invisible         |       |       |       |       |     3 |       ||     3
       Confused          |       |       |       |       |     3 |       ||     3
Armor: Scale mail        |     1 |    11 |     4 |       |       |       ||    16
       Chain mail        |       |       |     7 |    50 |    50 |    24 ||   131
Dodge: Dodged            |     2 |    21 |    27 |   124 |   153 |    94 ||   421
Block: Kite shield       |     1 |    31 |    45 |   168 |   181 |   130 ||   556
       Reflection        |       |       |       |       |     2 |     1 ||     3
       Rpst.: Long sword |       |    10 |     4 |     6 |     1 |       ||    21
       Scimitar          |       |       |     3 |    13 |    12 |     6 ||    34

Table legend: (Time is in decaauts) A = Elapsed time spent in this place. B = Non-inter-level travel time spent in this place. C = Inter-level travel time spent in this place. D = Time resting spent in this place. E = Time spent auto-exploring this place. F = Levels seen in this place. G = Mean time per level. A B C D E F G +--------+--------+--------+--------+--------+-----+--------+ Total | 11830 | 11830 | 0 | 5271 | 0 | 1 | 11830.0 | Dungeon | 11830 | 11830 | 0 | 5271 | 0 | 1 | 11830.0 | +--------+--------+--------+--------+--------+-----+--------+

Top non-repeatable levels by time:
       D: 11830 daAuts
